 Dungeon Crawl Stone Soup version 0.23.1 (webtiles) character file.

Game seed: 9844717753091166729

623 Borgoz the Sneak (level 7, -3/56 HPs)
             Began as a Ghoul Enchanter on Mar 3, 2019.
             Was an Initiate of Ashenzari.
             Slain by an orc warrior
             ... wielding a +0 dire flail
              (25 damage)
             ... on level 5 of the Dungeon.
             The game lasted 00:08:21 (3958 turns).

Borgoz the Sneak (Ghoul Enchanter)                  Turns: 3958, Time: 00:08:22

Health: -3/56      AC:  6    Str: 16    XL:     7   Next: 47%
Magic:  10/10      EV: 13    Int: 10    God:    Ashenzari [......]
Gold:   178        SH:  0    Dex: 16    Spells: 4/11 levels left

rFire    + . .     SeeInvis .   a - +4 dagger
rCold    + + .     Gourm    .   (no shield)
rNeg     + + +     Faith    .   b - +0 robe
rPois    ∞         Spirit   .   y - +0 helmet
rElec    .         Reflect  .   e - scarf {rC+ rF+}
rCorr    .         Harm     .   v - +1 pair of gloves
MR       .....                  A - +0 pair of boots
Stlth    +++.......             (no amulet)
HPRegen  0.00/turn              h - +5 ring of dexterity
MPRegen  0.12/turn              u - +4 ring of strength

@: rotting
A: rotting body, claws 1, carnivore, cold resistance 1, negative energy
resistance 3, inhibited regeneration, torment resistance, unbreathing
a: Curse Item, Renounce Religion


You were on level 5 of the Dungeon.
You worshipped Ashenzari.
Ashenzari was noncommittal.
You were not hungry.

You visited 2 branches of the dungeon, and saw 7 of its levels.

You collected 178 gold pieces.

Inventory:

Hand Weapons
 a - a +4 dagger (weapon)
 g - a +4 dagger
Missiles
 m - 9 tomahawks (quivered)
Armour
 b - a +0 robe (worn)
 e - a scarf of resistance (worn)
 v - a +1 pair of gloves (worn)
 y - a +0 helmet (worn)
 A - a +0 pair of boots (worn)
Jewellery
 h - a +5 ring of dexterity (left hand)
 u - a +4 ring of strength (right hand)
Wands
 x - a wand of polymorph (7)
 C - a wand of flame (23)
Scrolls
 c - 4 scrolls of remove curse
 f - 3 scrolls of magic mapping {unknown}
 i - 3 scrolls of identify {unknown}
 k - a scroll of fog {unknown}
 l - a scroll of random uselessness {unknown}
 o - a scroll of amnesia {unknown}
 p - a scroll of noise {unknown}
 s - 2 scrolls of teleportation {unknown}
 t - a scroll of summoning {unknown}
 z - a scroll of enchant armour {unknown}
Potions
 j - a potion of resistance {unknown}
 n - a potion of curing {unknown}
 q - a potion of mutation {unknown}
 r - 2 potions of heal wounds
 w - a potion of agility
 B - a potion of haste {unknown}
Comestibles
 d - 9 rations


   Skills:
 + Level 2.7 Fighting
 * Level 3.6 Short Blades
 + Level 2.1 Armour
 + Level 2.9 Dodging
 + Level 4.4 Stealth
 + Level 2.8 Spellcasting
 + Level 3.3 Hexes


You had 4 spell levels left.
You knew the following spells:

 Your Spells              Type           Power        Failure   Level  Hunger
a - Corona                Hex            #......      7%          1    ##.....
b - Ensorcelled Hibernat  Hex/Ice        #.....       22%         2    ###....
c - Confuse               Hex            #.......     22%         3    ####...
d - Confusing Touch       Hex            #.....       7%          1    ##.....

Your spell library contained the following spells:

 Spells                   Type           Power        Failure   Level  Hunger
 Tukima's Dance           Hex            #.......     22%         3    ####...
 Dazzling Spray           Conj/Hex       #.....       41%         3    ####...
 Gell's Gravitas          Tloc           #.........   65%         3    ####...
 Petrify                  Tmut/Erth      #.......     96%         4    #####..
 Metabolic Englaciation   Hex/Ice        #.........   99%         5    ######.
 Yara's Violent Unravell  Hex/Tmut       #.........   99%         5    ######.


Dungeon Overview and Level Annotations

Branches:
Dungeon (6/15)             Temple (1/1) D:6

Altars:
Ashenzari
Dithmenos
Fedhas
Gozag
Hepliaklqana
Kikubaaqudgha
Makhleb
Nemelex Xobeh
Okawaru
Qazlal
Ru
Trog
Uskayaw
Vehumet
Wu Jian
Xom
Zin
The Shining One

Shops:
D:6 =


Innate Abilities, Weirdness & Mutations

Your body is rotting away.
You thrive on raw meat.
You are immune to poison.
You have sharp fingernails.
You are carnivorous and can eat meat at any time.
Your flesh is cold resistant. (rC+)
You are immune to negative energy. (rN+++)
You do not regenerate when monsters are visible.
You are immune to unholy pain and torment.
You can survive without breathing.


Message History

There is a stone staircase leading down here.
Found an uncursed ring of positive energy and 12 gold pieces.
Casting: Ensorcelled Hibernation (safe; 22% risk of failure)
Confirm with . or Enter, or press ? or * to list all spells.
Your hands begin to glow red.
The orc warrior barely misses you.
You hit the orc warrior but do no damage.
The orc warrior appears confused.
You hit the orc warrior.
The orc warrior is moderately wounded.
You hit the orc warrior.
The orc warrior is moderately wounded.
The orc warrior hits you with a +0 dire flail.
You catch the helpless orc warrior completely off-guard!
You puncture the orc warrior!
The orc warrior is severely wounded.
The orc warrior seems less confused.
The orc warrior barely misses you.
You barely miss the orc warrior.
The orc warrior is severely wounded.
The orc warrior hits you with a +0 dire flail!!
You die...

.= #.#.#
..#.#.# #+
.#.... ##.
..#.# #..
#.#.# #..
#.#.#
####..###.#.##
#.....>......#
#.##..#.###@.#
#........o.#
#...#.####.#
#...#.# .#
#$..#.# .#
#...#.# .#
#...#.# .# .#


You could see an orc warrior.

Vanquished Creatures
  A sky beast (D:6)
  2 centaurs
  A bullfrog (D:6)
  2 orc priests (D:4)
  Ijyb (D:3)
  A worker ant (D:4)
  Robin (D:3)
  8 adders
  2 oozes
  3 worms (D:2)
  A dart slug (D:3)
  A leopard gecko (D:6)
  5 orcs
  9 bats
  4 giant cockroaches
  20 goblins
  10 hobgoblins
  8 jackals (D:1)
  A quokka (D:4)
  6 frilled lizards
  4 kobolds (D:3)
  7 rats
98 creatures vanquished.

Notes
Turn   | Place    | Note
-------+----------+-------------------------------------------
     0 | D:1      | Borgoz the Ghoul Enchanter began the quest for the Orb.
     0 | D:1      | Reached XP level 1. HP: 14/14 MP: 2/2
    41 | D:1      | Reached skill level 1 in Short Blades
   123 | D:1      | Reached XP level 2. HP: 17/22 MP: 3/3
   464 | D:1      | Reached XP level 3. HP: 26/27 MP: 4/4
   923 | D:2      | Learned a level 2 spell: Ensorcelled Hibernation
  1313 | D:2      | Reached skill level 1 in Fighting
  1313 | D:2      | Reached XP level 4. HP: 31/35 MP: 6/6
  1495 | D:2      | Learned a level 3 spell: Confuse
  1497 | D:2      | Learned a level 1 spell: Confusing Touch
  2165 | D:3      | Reached skill level 1 in Armour
  2195 | D:3      | Noticed a centaur
  2202 | D:3      | Killed a centaur
  2202 | D:3      | Reached XP level 5. HP: 33/41 MP: 7/7
  2326 | D:3      | Noticed Robin
  2387 | D:3      | Found an iron altar of Okawaru.
  2415 | D:3      | Noticed Ijyb
  2418 | D:3      | Killed Robin
  2431 | D:3      | Killed Ijyb
  2431 | D:3      | Reached XP level 6. HP: 30/48 MP: 3/8
  2785 | D:3      | Reached skill level 4 in Stealth
  2931 | D:3      | Found a blossoming altar of Fedhas.
  3381 | D:4      | You fall through a shaft for 2 floors!
  3391 | D:6      | Reached XP level 7. HP: 24/56 MP: 4/9
  3444 | D:6      | Found a radiant altar of Vehumet.
  3531 | D:6      | Found Ruzxuff's Jewellery Shop.
  3623 | D:6      | Found a staircase to the Ecumenical Temple.
  3632 | Temple   | Entered the Ecumenical Temple
  3866 | Temple   | Became a worshipper of Ashenzari the Shackled
  3945 | D:5      | Entered Level 5 of the Dungeon
  3958 | D:5      | Slain by an orc warrior

Skill      XL: |  1  2  3  4  5  6  7 |
---------------+----------------------+-----
Short Blades   | 1 2 3 |  3.6
Dodging        | 2 |  2.9
Spellcasting   | 2 |  2.8
Fighting       | 1 2 |  2.7
Armour         | 1 2 |  2.1
Hexes          | 3 |  3.3
Stealth        | 4 |  4.4

Action                   |  1- 3 |  4- 6 |  7- 9 || total
-------------------------+-------+-------+-------++-------
Melee: Dagger            |   107 |   198 |    17 ||   322
 Cast: Corona            |     1 |       |       ||     1
       Ensorcelled Hiber |       |     4 |     2 ||     6
       Confusing Touch   |       |     1 |     1 ||     2
  Use: Potion            |     3 |       |     1 ||     4
       Scroll            |       |     1 |       ||     1
 Stab: Sleeping          |     5 |    16 |     2 ||    23
       Confused          |       |       |     1 ||     1
  Eat: Chunk             |     7 |    13 |     2 ||    22
Armor: Robe              |    20 |    33 |     3 ||    56
Dodge: Dodged            |    56 |    93 |    11 ||   160
